 Dungeon Crawl Stone Soup version 0.31-a0-675-g238779eb0a (webtiles) character file.

Game seed: 17064554526138281883

75 qw the Shooter (level 4, 0/28 HPs)
             Began as a Gargoyle Hunter on Sept 5, 2023.
             Slain by a gnoll
             ... wielding a +0 whip
              (6 damage)
             ... on level 2 of the Dungeon.
             The game lasted 00:00:30 (1350 turns).

qw the Shooter (Gargoyle Hunter)                    Turns: 1350, Time: 00:00:31

Health: 0/28       AC:  7    Str: 15    XL:     4   Next: 31%
Magic:  4/4        EV: 11    Int:  9    God:
Gold:   157        SH:  0    Dex: 15    Spells: 3/3 levels left

rFire   . . .        Y - +1 shortbow
rCold   . . .        (shield currently unavailable)
rNeg    + . .        c - +0 leather armour
rPois   inf          f - +0 helmet
rElec   +            (no cloak)
rCorr   .            (no gloves)
SInv    +            (no boots)
Will    .....        (no amulet)
Stlth   ++           h - ring of see invisible
HPRegen 0.24/turn    (no ring)
MPRegen 0.09/turn

%: no passive effects
@: no status effects
A: sickness immunity, AC +3, negative energy resistance 1, electricity
resistance, torment resistance 1, petrification resistance
a: no special abilities


You were on level 2 of the Dungeon.
You visited 1 branch of the dungeon, and saw 2 of its levels.

You collected 157 gold pieces.


Innate Abilities, Weirdness & Mutations

You are immune to sickness and miasma.
Your stone body is resilient. (AC +3)
You are immune to poison.
You resist negative energy. (rN+)
You are resistant to electric shocks. (rElec)
You are resistant to unholy torment.
You are immune to petrification.


   Skills:
 - Level 3.2 Fighting
 + Level 5.2 Ranged Weapons
 - Level 1.5 Dodging
 - Level 1.1 Stealth


You had 3 spell levels left.
You didn't know any spells.
Your spell library was empty.

Inventory:

Hand Weapons
 Y - a +1 shortbow (weapon)
Armour
 c - a +0 leather armour (worn)
 f - a +0 helmet (worn)
Jewellery
 h - a ring of see invisible (left hand)
Scrolls
 a - 2 scrolls of identify
Potions
 b - a potion of curing {unknown}

Dungeon Overview and Level Annotations

Branches:
Dungeon (2/15)

Altars:

Shops:
D:1 !


Message History

Your Fighting skill increases to level 3!
You have reached level 4!
You feel stronger.
You shoot an arrow. The arrow hits the ball python!
You kill the ball python!
You shoot an arrow. The arrow hits the gnoll.
The gnoll is lightly wounded.
The gnoll closely misses you.
The gnoll hits you from afar with a +0 spear.
1339 ||| Stepping ~*~*~tactically~*~*~ (outnumbered).
You shoot an arrow. The arrow hits the gnoll.
The gnoll is heavily wounded.
The gnoll hits you from afar with a +0 spear.
You shoot an arrow. The arrow hits the gnoll.
The gnoll is almost dead.
The gnoll hits you from afar with a +0 spear.
You shoot an arrow.
The arrow hits the gnoll but does no damage.
The gnoll is almost dead.
The gnoll hits you but does no damage.
You shoot an arrow.
The arrow hits the gnoll but does no damage.
The gnoll is almost dead.
The gnoll barely misses you.
You shoot an arrow. The arrow hits the gnoll.
The gnoll is almost dead.
The gnoll closely misses you. The gnoll completely misses you.
You shoot an arrow. The arrow hits the gnoll!
You kill the gnoll!
You shoot an arrow.
The arrow hits the gnoll but does no damage.
The gnoll throws a throwing net.
The throwing net hits you.
You become entangled in the net!
You struggle against the net.
You struggle against the net.
The gnoll hits you with a +0 whip.
You tear a large gash into the net.
The gnoll barely misses you.
You rip the net and break free!
The gnoll hits you with a +0 whip.
You die...

g..g... #### ..... ...#
S.>.. ##.# ... #.### .g.
#...# #g# ###.# #.#
####.#############)#
................@gg#
#####....#########.#
####.# #.#
########(#########.######.
..........................
########.#########.#######
#.# #.# #.# #.# #.# #.#


You could see a gnoll and a goblin.

Vanquished Creatures
  3 gnolls (D:2)
  An adder (D:2)
  A worm (D:2)
  A dart slug (D:1)
  2 bats
  2 endoplasms (D:2)
  2 giant cockroaches
  A goblin (D:1)
  3 hobgoblins
  4 jackals (D:1)
  A quokka (D:1)
  4 ball pythons
  A frilled lizard (D:2)
  2 kobolds
  6 rats
34 creatures vanquished.

Notes
Turn   | Place    | Note
-------+----------+-------------------------------------------
     0 | D:1      | qw the Gargoyle Hunter began the quest for the Orb.
     0 | D:1      | Reached XP level 1. HP: 12/12 MP: 1/1
     0 | D:1      | 0 ||| qw: Version: 0.3-a-75-g829b12e
     0 | D:1      | 0 ||| qw: Game counter: 61
     0 | D:1      | 0 ||| qw: Melee chars always use a shield: true
     0 | D:1      | 0 ||| qw: God list: Okawaru
     0 | D:1      | 0 ||| qw: Allow faded altars: false
     0 | D:1      | 0 ||| qw: Do Orc after clearing Dungeon:15 true
     0 | D:1      | 0 ||| qw: Do second Lair branch before Depths: true
     0 | D:1      | 0 ||| qw: Lair rune preference: random
     0 | D:1      | 0 ||| qw: Goals: Normal
     0 | D:1      | 0 ||| PLANNING D:1-11
   104 | D:1      | Found Letuosiu's Distillery.
   112 | D:1      | 112 ||| SHOPLISTING potion of curing (33 gold, have 5).
   112 | D:1      | 112 ||| SHOPLISTING potion of heal wounds (55 gold, have
                  | 5).
   135 | D:1      | Reached XP level 2. HP: 17/17 MP: 2/2
   689 | D:1      | 689 ||| UPGRADING to +0 helmet.
   694 | D:1      | 694 ||| UPGRADING to ring of see invisible.
   695 | D:1      | 695 ||| READING 3 scrolls labelled GARPHOSK RAEWN.
   696 | D:1      | 696 ||| READING scroll labelled DACIOS OSINARARCH.
   697 | D:1      | 697 ||| READING scroll labelled HACUICIAKU.
   698 | D:1      | 698 ||| READING scroll labelled COTIX URES.
   699 | D:1      | 699 ||| READING scroll labelled KYOZ UCRULONASO.
   800 | D:1      | 800 ||| READING 2 scrolls labelled IRILLETUPS.
   801 | D:1      | 801 ||| READING 2 scrolls of identify.
   801 | D:1      | 801 ||| IDENTIFYING metallic pink potion
   802 | D:1      | 802 ||| DROPPING scroll of butterflies.
   803 | D:1      | 803 ||| DROPPING scroll of blinking.
   804 | D:1      | 804 ||| DROPPING potion of lignification.
   900 | D:2      | Reached XP level 3. HP: 21/21 MP: 3/3
   932 | D:2      | Reached skill level 5 in Ranged Weapons
  1328 | D:2      | 1328 ||| Stepping ~*~*~tactically~*~*~ (outnumbered).
  1331 | D:2      | 1331 ||| RETREATING.
  1337 | D:2      | Reached skill level 3 in Fighting
  1337 | D:2      | Reached XP level 4. HP: 13/28 MP: 4/4
  1339 | D:2      | 1339 ||| Stepping ~*~*~tactically~*~*~ (outnumbered).
  1341 | D:2      | HP: 5/28 [gnoll/+0 spear (3)]
  1348 | D:2      | HP: 5/28 [gnoll/+0 whip (2)]
  1350 | D:2      | Slain by a gnoll

Levels and vault maps discovered:
D:1:      nicolae_arrival_somewhat_less_tricky_arrival, layout_basic,
          serial_shops, shop
D:2:      layout_basic

Skill      XL: |  1  2  3 |
---------------+----------+-----
Ranged Weapons | 5 |  5.2
Fighting       | 3 |  3.2
Dodging        | |  1.5
Stealth        | |  1.1

Action                     |  1- 3 |  4- 6 || total
---------------------------+-------+-------++-------
   Fire: Shortbow          |   101 |     9 ||   110
    Use: Scroll            |     7 |       ||     7
 Armour: Leather armour    |    27 |     6 ||    33
  Dodge: Dodged            |    25 |     5 ||    30

Table legend:
 A = Non-vault XP
 B = Vault XP
 C = Vault XP percentage of total XP
 D = Non-vault monster count
 E = Vault monster count
 F = Vault count percentage of total count
                 A         B        C        D         E       F
            +---------+---------+-------+---------+---------+-------
      Total |     108 |       0 |   0.0 |      34 |       0 |   0.0
            +---------+---------+-------+---------+---------+-------
        D:1 |      30 |       0 |   0.0 |      17 |       0 |   0.0
        D:2 |      78 |       0 |   0.0 |      17 |       0 |   0.0
            +---------+---------+-------+---------+---------+-------
